 Dungeon Crawl Stone Soup version 0.18-a0-1-gfac8111 (webtiles) character file.

383 SlimeFever the Chiller (level 6, -9/43 HPs)
             Began as a Demonspawn Ice Elementalist on Oct 30, 2015.
             Mangled by an ogre
             ... wielding a +0 giant club
              (26 damage)
             ... on level 4 of the Dungeon.
             The game lasted 00:28:47 (3485 turns).

SlimeFever the Chiller (DsIE)                       Turns: 3485, Time: 00:28:48

Health: -9/43      AC:  6    Str:  9    XL:     6   Next: 47%
Magic:  0/11       EV: 12    Int: 17    God:
Gold:   84         SH:  0    Dex: 14    Spells: 4 memorised, 1 level left

rFire  + . .     SeeInvis .     n - +0 quarterstaff
rCold  x . .     Clarity  +     s - +1 leather armour
rNeg   . . .     SustAt   .     (no shield)
rPois  .         Gourm    .     (no helmet)
rElec  .         Spirit   .     (no cloak)
rCorr  .         Warding  .     (no gloves)
rMut   .         Stasis   .     e - +1 pair of boots
MR     .....                    a - amulet of clarity
Stlth  ++........               (no ring)
                                t - ring of fire

@: very slightly contaminated, not resistant to hostile enchantments, unstealthy
A: powered by death 1, rot immunity
a: no special abilities


You were on level 4 of the Dungeon.
You were hungry.

You visited 1 branch of the dungeon, and saw 4 of its levels.

You collected 84 gold pieces.

Inventory:

Hand Weapons
 g - a +2 dagger of draining
 k - a +1 hunting sling of flaming
 n - a +0 quarterstaff (weapon)
Missiles
 m - 26 bolts
 q - 9 poisoned needles
Armour
 e - a +1 pair of boots (worn)
 s - a +1 leather armour (worn)
Jewellery
 a - an amulet of clarity (around neck)
 t - a ring of fire (left hand)
Scrolls
 h - a scroll of identify
Potions
 d - 2 potions of haste
 f - a potion of ambrosia {unknown}
 j - 2 potions of curing {unknown}
 l - 2 potions of cancellation
 p - 2 potions of brilliance
 r - a potion of resistance
Books
 b - a book of Frost

   Spells                             Type                      Level
   a - Freeze                         Ice                          1
   b - Throw Frost                    Conjuration/Ice              2
   c - Ozocubu's Armour               Charms/Ice                   3
   d - Throw Icicle                   Conjuration/Ice              4
   e - Summon Ice Beast               Ice/Summoning                4
   f - Condensation Shield            Ice                          4
Comestibles
 c - a bread ration
 i - 3 beef jerkies
 u - 2 meat rations


   Skills:
 + Level 1.0 Fighting
 - Level 0.3 Short Blades
 * Level 1.0 Staves
 + Level 0.3 Armour
 + Level 2.4 Dodging
 + Level 2.1 Stealth
 + Level 3.4 Spellcasting
 + Level 1.1 Conjurations
 + Level 0.1 Charms
 * Level 5.1 Ice Magic


You had one spell level left.
You knew the following spells:

 Your Spells              Type           Power        Failure   Level  Hunger
a - Freeze                Ice            ##..         2%          1    None
b - Throw Frost           Conj/Ice       #.....       12%         2    ##.....
c - Ozocubu's Armour      Chrm/Ice       #.......     24%         3    ###....
d - Summon Ice Beast      Ice/Summ       #.......     86%         4    ####...


Dungeon Overview and Level Annotations

Branches:
Dungeon (4/15)
 Temple: D:4-7

Altars:
Dithmenos
Gozag
Kikubaaqudgha
Nemelex Xobeh
The Shining One

Annotations:
D:4 Dowan


Innate Abilities, Weirdness & Mutations

You regenerate a little health from kills.
You are immune to rotting.


Message History

Casting: Freeze
Confirm with . or Enter, or press ? or * to list all spells.
Aiming: Freeze
Press: ? - help, Shift-Dir - straight line, f/p - ogre
Aim: an ogre, wielding a giant club (severely wounded)
You feel a numb sensation.
You freeze the ogre.
The ogre is almost dead.
You hit the ogre but do no damage.
The ogre is almost dead.
The ogre misses you.
Casting: Freeze
Confirm with . or Enter, or press ? or * to list all spells.
Aiming: Freeze
Press: ? - help, Shift-Dir - straight line, f/p - ogre
Aim: an ogre, wielding a giant club (almost dead)
You feel a numb sensation.
You freeze the ogre.
The ogre is almost dead.
The ogre hits you with a giant club!!
Ouch! That really hurt!
You die...

####### ### ### ###.##..#####.#
#.# ...........##.########.###
### ........).......@O.......#
#.#
........##..#..#######^#.#####.##
.##.###.##..#..# #..........#
.##.# #.##..#..# #.#........#
.)... ......#..# #.#######..#
.##.###.###.#..# ............
.##.# #.# #.#... ............#
...... ....##.##....# ... #
#......


You could see an ogre.

Vanquished Creatures
  A crimson imp (D:3)
  An orc priest (D:4)
  A hound (D:4)
  2 orc wizards
  Natasha (thrice) (D:2)
  7 gnolls (D:2)
  3 adders
  An ooze (D:2)
  2 adder skeletons (D:4)
  5 worms
  7 orcs
  5 hobgoblins
  4 jackals
  2 kobolds (D:2)
  3 bats
  6 giant cockroaches
  A giant gecko (D:3)
  4 giant newts
  9 goblins
  13 rats
  2 bushes (D:2)
  3 plants (D:2)
85 creatures vanquished.

Vanquished Creatures (others)
  A plant (D:2)
1 creature vanquished.

Grand Total: 86 creatures vanquished

Notes
Turn   | Place    | Note
--------------------------------------------------------------
     0 | D:1      | SlimeFever the Demonspawn Ice Elementalist began the quest for the Orb.
     0 | D:1      | Reached XP level 1. HP: 13/13 MP: 3/3
    83 | D:1      | Reached skill level 3 in Ice Magic
   194 | D:1      | Gained mutation: You regenerate a little health from kills. [demonic ancestry]
   194 | D:1      | Reached XP level 2. HP: 14/19 MP: 3/5
   297 | D:1      | Learned a level 2 spell: Throw Frost
   668 | D:2      | Noticed Natasha
   783 | D:2      | Found a glowing golden altar of the Shining One.
   839 | D:2      | Reached XP level 3. HP: 11/24 MP: 0/6
   849 | D:2      | Learned a level 3 spell: Ozocubu's Armour
   997 | D:2      | Gained mutation: You are immune to rotting. [demonic ancestry]
   997 | D:2      | Reached XP level 4. HP: 25/30 MP: 0/7
  1478 | D:2      | Reached skill level 4 in Ice Magic
  1713 | D:2      | Killed Natasha
  1713 | D:2      | Reached XP level 5. HP: 31/36 MP: 1/9
  1909 | D:2      | Noticed Natasha
  1912 | D:2      | Killed Natasha
  2112 | D:2      | Noticed Natasha
  2118 | D:2      | Killed Natasha
  2188 | D:3      | Found a shadowy altar of Dithmenos.
  2301 | D:3      | Found an ancient bone altar of Kikubaaqudgha.
  2428 | D:3      | Found a sparkling altar of Nemelex Xobeh.
  2429 | D:3      | Found an opulent altar of Gozag.
  2872 | D:3      | Reached XP level 6. HP: 42/42 MP: 4/10
  2885 | D:3      | Learned a level 4 spell: Summon Ice Beast
  3019 | D:4      | Reached skill level 1 in Fighting
  3019 | D:4      | Reached skill level 5 in Ice Magic
  3092 | D:4      | Reached skill level 1 in Staves
  3116 | D:4      | Noticed Dowan
  3485 | D:4      | Mangled by an ogre

Vault maps used:
D:1:      onia_arrival_pentagram
D:2:      lemuel_round_altar, serial_forest, infiniplex_forest_end_1,
          infiniplex_forest_split, infiniplex_forest_join,
          infiniplex_forest_end_3, infiniplex_forest_end_2,
          infiniplex_forest_end_1, infiniplex_forest_zigzag_1,
          infiniplex_forest_lined_corner, uniq_natasha
D:3:      lemuel_crystal_altar, grunt_temple_overflow_opulence, eino_curves_02,
          grunt_dithmenos_smoke
D:4:      uniq_duvessa

Action                   |  1- 3 |  4- 6 || total
-------------------------+-------+-------++-------
Melee: Dagger            |    40 |       ||    40
       Unarmed           |     1 |       ||     1
       Halberd           |       |   208 ||   208
       Quarterstaff      |       |   131 ||   131
 Cast: Freeze            |    36 |    80 ||   116
       Throw Frost       |     2 |    11 ||    13
       Ozocubu's Armour  |     1 |       ||     1
  Use: Scroll            |     3 |     9 ||    12
 Stab: Sleeping          |       |     2 ||     2
  Eat: Meat ration       |       |     2 ||     2
